 Dungeon Crawl Stone Soup version 0.31-a0-703-gcfe89afef6 (webtiles) character file.

Game seed: 15635040026104309306

321 Ekaitz the Gusty (level 6, 0/35 HPs)
             Began as a Tengu Air Elementalist on Sept 8, 2023.
             Slain by a wraith (3 damage)
             ... in an ossuary.
             The game lasted 00:08:59 (3594 turns).

Ekaitz the Gusty (Tengu Air Elementalist)           Turns: 3594, Time: 00:08:59

Health: 0/35       AC:  2    Str:  9    XL:     6   Next: 46%
Magic:  2/11       EV: 14    Int: 17    God:
Gold:   215        SH:  0    Dex: 20    Spells: 1/11 levels left

rFire   . . .        j - +0 dagger
rCold   . . .        (no shield)
rNeg    . . .        a - +0 robe
rPois   .            d - +0 hat
rElec   .            (no cloak)
rCorr   .            (no gloves)
SInv    .            (boots unavailable)
Will    .....        (no amulet)
Stlth   +++          t - +6 ring of dexterity
HPRegen 0.25/turn    (no ring)
MPRegen 0.12/turn

%: acrobat
@: slowed, very slow
A: beak, talons 3, acrobatic
a: no special abilities


You were in an ossuary.
You visited 1 branch of the dungeon, and saw 4 of its levels.
You also visited: Ossuary.

You collected 215 gold pieces.

Inventory:

Hand Weapons
 j - a +0 dagger (weapon)
 n - a +0 glaive
Missiles
 p - 5 curare-tipped darts
Armour
 a - a +0 robe (worn)
 d - a +0 hat (worn)
 r - the +4 scale mail of Mirth {Int+4}
   (You found it on level 4 of the Dungeon)

   Int+4:     It affects your intelligence (+4).
 s - a +1 ring mail of cold resistance
Jewellery
 t - a +6 ring of dexterity (left hand)
Scrolls
 e - a scroll of poison {unknown}
 f - 3 scrolls of identify {unknown}
 i - 2 scrolls of amnesia {unknown}
 k - a scroll of fear {unknown}
 l - 3 scrolls of revelation {unknown}
 m - a scroll of silence {unknown}
 o - a scroll of enchant weapon {unknown}
 w - a scroll of vulnerability {unknown}
Potions
 b - 2 potions of magic
 c - a potion of haste {unknown}
 g - 3 potions of brilliance {unknown}
 h - a potion of heal wounds {unknown}
 q - a potion of cancellation {unknown}
 u - a potion of mutation {unknown}
 v - a potion of lignification {unknown}


   Skills:
 * Level 1.7 Fighting
 + Level 0.2 Short Blades
 * Level 3.4 Dodging
 + Level 2.9 Stealth
 + Level 3.1 Spellcasting
 * Level 3.5 Conjurations
 * Level 5.9 Air Magic


You had one spell level left.
You knew the following spells:

 Your Spells              Type           Power      Damage    Failure   Level
a - Shock                 Conj/Air       72%        1d7       2%          1
b - Static Discharge      Conj/Air       36%        2-4/arc   3%          2
c - Swiftness             Air            22%        N/A       4%          3
d - Airstrike             Air            11%        2d(2-18)  16%         4

Your spell library contained the following spells:

 Spells                   Type           Power      Damage    Failure   Level
 Kiss of Death            Conj/Necr      32%        2d7       9%          1
 Sting                    Tmut/Pois      8%         1d3       17%         1
 Poisonous Vapours        Pois/Air       24%        N/A       8%          2
 Confusing Touch          Hex            2%         N/A       45%         3
 Dispel Undead            Necr           2%         3d7       86%         4
 Olgreb's Toxic Radiance  Pois           2%         N/A       86%         4


Dungeon Overview and Level Annotations

Branches:
Dungeon (4/15)            Ossuary (1/1)
 Temple: D:4-7

Altars:
Makhleb
Wu Jian


Innate Abilities, Weirdness & Mutations

You have a beak for a mouth.
You have claws for feet.
You can magically evade attacks while moving or waiting.


Message History

The wraith attacks as it pursues you! The wraith closely misses you.
The wraith misses you.
There is an open door here.
The wraith misses you. The wraith attacks as it pursues you!
The wraith completely misses you.
Casting: Shock (safe; 2% risk of failure)
Confirm with . or Enter, or press ? or * to list all spells.
Aiming: Airstrike (quite dangerous; 16% risk of failure)
Press: ? - help, Dir - move target, f - wraith
Aim: a wraith (moderately damaged, empty space bonus: 7/8)
The air twists around and strikes the wraith.
The wraith is moderately damaged.
The wraith closely misses you. The wraith hits you!
* * * LOW HITPOINT WARNING * * *
The wraith drains your vigour!
You feel as though you will be slow longer.
Casting: Airstrike (quite dangerous; 16% risk of failure)
Confirm with . or Enter, or press ? or * to list all spells.
Aiming: Airstrike (quite dangerous; 16% risk of failure)
Press: ? - help, Dir - move target, f/p - wraith
Aim: a wraith (moderately damaged, empty space bonus: 7/8)
The air twists around and strikes the wraith!!
The wraith is almost destroyed.
The wraith hits you.
* * * LOW HITPOINT WARNING * * *
The wraith drains your vigour!
You feel as though you will be slow longer.
The wraith attacks as it pursues you! The wraith completely misses you.
The wraith closely misses you.
Casting: Airstrike (quite dangerous; 16% risk of failure)
Confirm with . or Enter, or press ? or * to list all spells.
Aiming: Shock (safe; 2% risk of failure)
Press: ? - help, Shift-Dir - straight line, f/p - wraith
Aim: a wraith (almost destroyed, 71% to hit)
The zap hits the wraith.
The wraith is almost destroyed.
The zap hits the wraith.
The wraith is almost destroyed.
The wraith hits you.
You die...

.................#
...............∩.#
####+#####.......#
.........##......#
..##'##...##.....#
##...##...##....#
##..??.##...#....#
#.?.!.!.#...'....#
##.!?!.##...#..W@#
.##...##...##....#
..#####...##.....#
.. ......##......#
####+#####.......#
...............∩.#
.................#
###'''############
###...####


You could see a wraith.

Vanquished Creatures
  A phantom (D:3)
  An orc priest (D:3)
  A jelly (D:4)
  A sleepcap (D:4)
  An orc wizard (D:4)
  A mummy (Ossuary)
  2 adders
  2 dart slugs (D:1)
  11 orcs
  4 ball pythons
  6 bats
  7 endoplasms
  4 giant cockroaches (D:1)
  5 goblins
  9 hobgoblins
  3 jackals (D:2)
  2 quokkas (D:1)
  4 frilled lizards
  8 gnoll skeletons (Ossuary)
  7 kobolds
  6 kobold skeletons (Ossuary)
  11 orc skeletons (Ossuary)
  4 rats
101 creatures vanquished.

Notes
Turn   | Place    | Note
-------+----------+-------------------------------------------
     0 | D:1      | Ekaitz the Tengu Air Elementalist began the quest for the
                  | Orb.
     0 | D:1      | Reached XP level 1. HP: 10/10 MP: 4/4
   136 | D:1      | Reached XP level 2. HP: 15/15 MP: 0/6
   139 | D:1      | Learned a level 2 spell: Static Discharge
   647 | D:1      | Reached XP level 3. HP: 12/19 MP: 2/7
   651 | D:1      | Learned a level 3 spell: Swiftness
  1334 | D:2      | Reached skill level 5 in Air Magic
  1426 | D:2      | Reached skill level 1 in Fighting
  1521 | D:2      | Reached XP level 4. HP: 25/25 MP: 5/8
  2198 | D:3      | Noticed a phantom
  2247 | D:3      | Killed a phantom
  2248 | D:3      | Reached XP level 5. HP: 18/29 MP: 0/10
  2357 | D:3      | Found an ornate altar of the Wu Jian Council.
  2610 | D:3      | Found a burning altar of Makhleb.
  2953 | D:3      | Learned a level 4 spell: Airstrike
  3077 | D:4      | Reached XP level 6. HP: 34/34 MP: 2/11
  3081 | D:4      | Identified the +4 scale mail of Mirth {Int+4}
  3084 | D:4      | Found a sand-covered staircase.
  3232 | Ossuary  | Entered an ossuary
  3232 | Ossuary  | Noticed a wraith
  3232 | Ossuary  | Noticed a wraith
  3232 | Ossuary  | Noticed a wraith
  3565 | Ossuary  | Noticed a wraith
  3594 | Ossuary  | Slain by a wraith

Illustrated notes

Levels and vault maps discovered:
D:1:      ebering_trefoil_twist, layout_basic
D:2:      layout_rooms, st_stairs_12, serial_bayou_crossing
D:3:      layout_loops_ring, bloody_makhleb, nicolae_wu_jian_wuxing_cycle
D:4:      layout_cave_pools, zin_scriptorium,
          lightli_ossuary_entry_decrepit_ruins, uniq_blork_the_orc
Ossuary:  ossuary_due_mausoleum

Skill      XL: |  1  2  3  4  5  6 |
---------------+-------------------+-----
Conjurations   | 2 3 |  3.5
Air Magic      | 5 |  5.9
Fighting       | 1 |  1.7
Spellcasting   | 3 |  3.1
Dodging        | 3 |  3.4
Short Blades   | |  0.2
Stealth        | |  2.9

Action                     |  1- 3 |  4- 6 || total
---------------------------+-------+-------++-------
  Melee: Unarmed           |    20 |       ||    20
         Kick              |     3 |     9 ||    12
         Peck              |     2 |     4 ||     6
         Dagger            |     1 |    20 ||    21
   Cast: Shock             |    71 |   101 ||   172
         Static Discharge  |     1 |     8 ||     9
         Airstrike         |       |     3 ||     3
   Stab: Sleeping          |     1 |       ||     1
 Armour: Robe              |    19 |    27 ||    46
  Dodge: Dodged            |    50 |    46 ||    96

Table legend: (Time is in decaauts)
 A = Elapsed time spent in this place.
 B = Non-inter-level travel time spent in this place.
 C = Inter-level travel time spent in this place.
 D = Time resting spent in this place.
 E = Time spent auto-exploring this place.
 F = Levels seen in this place.
 G = Mean time per level.
                   A        B        C        D        E       F      G
               +--------+--------+--------+--------+--------+-----+--------+
         Total |   3611 |   3509 |    102 |    200 |   2558 |   5 |  722.2 |
       Dungeon |   3241 |   3139 |    102 |     68 |   2467 |   4 |  810.2 |
       Ossuary |    370 |    370 |      0 |    132 |     91 |   1 |  370.0 |
               +--------+--------+--------+--------+--------+-----+--------+

Top non-repeatable levels by time:
     D:1: 1225 daAuts
     D:3: 1000 daAuts
     D:2: 853 daAuts
 Ossuary: 370 daAuts
     D:4: 163 daAuts
